 Seeded DCSS version 0.29.1-1-gd02db6906a (webtiles) character file.

Game seed: 2387645567842811425 (custom seed)

193 lonewolfV2 the Shield-Bearer (level 5, -1/53 HPs)
             Began as a Troll Fighter on Oct 18, 2022.
             Was an Initiate of Nemelex Xobeh.
             Slain by an orc wizard
             ... wielding a +0 dagger
              (3 damage)
             ... on level 4 of the Dungeon on Oct 19, 2022.
             The game lasted 00:08:56 (2396 turns).

lonewolfV2 the Shield-Bearer (Troll Fighter)        Turns: 2396, Time: 00:08:57

Health: -1/53      AC:  4    Str: 26    XL:     5   Next: 44%
Magic:  4/4        EV: 13    Int:  4    God:    Nemelex Xobeh [......]
Gold:   166        SH:  9    Dex: 15    Spells: 4/4 levels left

rFire   . . .      SeeInvis .   d - +8 demon blade "Leech" {vamp, Harm Drain rN+}
rCold   . . .      Faith    .   b - +0 kite shield
rNeg    + . .      Spirit   .   a - +0 robe
rPois   .          Reflect  .   (helmet restricted)
rElec   .          Harm     +   (no cloak)
rCorr   .          Rampage  .   (gloves unavailable)
Will    .....                   (boots unavailable)
Stlth   +.........              (no amulet)
HPRegen 0.97/turn               g - +4 ring of evasion
MPRegen 0.09/turn               n - +6 ring of dexterity

@: mighty, studying Maces & Flails
A: large, unfitting armour, claws 3, regeneration 1, shaggy fur 1, tough skin 1
a: Renounce Religion, Draw Escape, Draw Destruction, Draw Summoning


You were on level 4 of the Dungeon.
You worshipped Nemelex Xobeh.
Nemelex Xobeh was noncommittal.
You visited 1 branch of the dungeon, and saw 4 of its levels.

You collected 166 gold pieces.

Inventory:

Hand Weapons
 d - the +8 demon blade "Leech" (weapon) {vamp, Harm Drain rN+}
   (You acquired it on level 2 of the Dungeon)

   It heals its wielder for a portion of the damage dealt every time it strikes
   a living foe.
   rN:        It protects you from negative energy.
   Drain:     It drains your maximum health when unequipped.
   Harm:      It increases damage dealt and taken.
Missiles
 o - 2 throwing nets (quivered)
Armour
 a - a +0 robe (worn)
 b - a +0 kite shield (worn)
Jewellery
 g - a +4 ring of evasion (left claw)
 n - a +6 ring of dexterity (right claw)
 p - a ring of poison resistance
 q - a ring of protection from cold
Scrolls
 e - a scroll of enchant armour {unknown}
 f - a scroll of teleportation
 l - a scroll of magic mapping
Potions
 h - a potion of magic {unknown}
 i - a potion of haste {unknown}
 j - a potion of flight {unknown}
 m - a potion of lignification {unknown}
 r - a potion of cancellation {unknown}
 s - a potion of degeneration {unknown}


   Skills:
 + Level 3.3 Fighting
 + Level 3.3 Dodging
 + Level 3.6 Shields
 + Level 3.2 Unarmed Combat


You had 4 spell levels left.
You didn't know any spells.
Your spell library contained the following spells:

 Spells                   Type           Power      Damage    Failure   Level
 Confusing Touch          Hex            0%         N/A       99%         3
 Gell's Gravitas          Tloc           0%         N/A       99%         3
 Lesser Beckoning         Tloc           0%         N/A       99%         3
 Teleport Other           Tloc           0%         N/A       99%         3
 Yara's Violent Unravell  Hex/Tmut       0%         3d3       100%        5
 Enfeeble                 Hex            0%         N/A       100%        7


Dungeon Overview and Level Annotations

Branches:
Dungeon (4/15)
 Temple: D:4-7

Altars:
Nemelex Xobeh
Trog

Shops:
D:3 *


Innate Abilities, Weirdness & Mutations

You are too large for most types of armour.
You have claws for hands.
Your natural rate of healing is unusually fast.
You are covered in fur. (AC +1)
You have tough skin. (AC +1)


Message History

The orc wizard is healed somewhat.
You miss the orc wizard.
The orc wizard is heavily wounded.
You block the orc priest's attack.
The orc wizard hits you with a +0 dagger.
You closely miss the orc priest. The orc priest closely misses you.
The orc wizard closely misses you.
You hit the orc priest.
You feel better.
The orc priest is moderately wounded.
You block the orc priest's attack.
The orc wizard points at you and mumbles some strange words.
The magic dart hits you. The orc priest misses you.
The orc wizard hits you with a +0 dagger.
You barely miss the orc priest.
The orc priest is moderately wounded.
You block the orc priest's attack. The orc wizard barely misses you.
You closely miss the orc priest.
The orc priest is moderately wounded.
The orc priest invokes the aid of Beogh against you.
Beogh smites you!
* * * LOW HITPOINT WARNING * * *
The orc wizard hits you with a +0 dagger.
* * * LOW HITPOINT WARNING * * *
The orc wizard casts a spell at you. The puff of flame hits you!
* * * LOW HITPOINT WARNING * * *
The orc priest barely misses you.
You feel better. You block the orc priest's attack.
The orc wizard hits you with a +0 dagger.
* * * LOW HITPOINT WARNING * * *
You feel better.
The orc wizard hits you but does no damage.
You block the orc priest's attack.
You feel very mighty all of a sudden.
The orc priest mumbles some strange prayers to Beogh against you.
Beogh smites you!
* * * LOW HITPOINT WARNING * * *
The orc wizard hits you with a +0 dagger.
You die...
Your body disappears without a glow.

.... .##.# ...#
.#..# #.. ...#
#.##.?#
#....###...
###..oo......
###...#{####...
###...###o#
#.....).o@#
#.....#####
#...<.# #.....#
#.....# #.....#
#######


You could see an orc priest, an orc wizard and 2 orcs.

Vanquished Creatures
  9 gnolls
  3 adders
  3 dart slugs
  2 orcs (D:3)
  7 endoplasms
  6 giant cockroaches
  6 goblins
  4 hobgoblins
  3 jackals (D:1)
  4 quokkas
  3 ball pythons
  6 bats
  2 frilled lizards
  8 kobolds
  6 rats
72 creatures vanquished.

Notes
Turn   | Place    | Note
-------+----------+-------------------------------------------
     0 | D:1      | lonewolfV2 the Troll Fighter began the quest for the Orb.
     0 | D:1      | Reached XP level 1. HP: 22/22 MP: 0/0
    50 | D:1      | Identified a scroll of acquirement
    50 | D:1      | Acquired a manual of Maces & Flails
   107 | D:2      | Found a sparkling altar of Nemelex Xobeh.
   116 | D:2      | Reached XP level 2. HP: 27/29 MP: 1/1
   128 | D:2      | Acquired the +8 demon blade "Leech" {vamp, Harm Drain rN+}
   128 | D:2      | Found the +8 demon blade "Leech" {vamp, Harm Drain rN+}
   404 | D:1      | Found a faded altar of an unknown god.
   439 | D:1      | Reached XP level 3. HP: 23/23 MP: 2/2
  1212 | D:2      | Reached XP level 4. HP: 35/38 MP: 3/3
  1530 | D:3      | Found a bloodstained altar of Trog.
  1535 | D:3      | Found Ybeonkia's Assorted Antiques.
  1602 | D:3      | Reached XP level 5. HP: 26/51 MP: 4/4
  2125 | D:3      | Found a sparkling altar of Nemelex Xobeh.
  2322 | D:3      | Became a worshipper of Nemelex Xobeh the Trickster
  2396 | D:4      | HP: 2/53 [orc priest/divine providence (19)]
  2396 | D:4      | Slain by an orc wizard

Illustrated notes

Levels and vault maps discovered:
D:1:      lemuel_arrival_room, layout_basic, ebering_ecumenical_altar_box
D:2:      layout_loops_ring, serial_rivers, chequers_serial_rivers_micro_e,
          chequers_serial_rivers_micro_b, chequers_serial_rivers_small_3,
          chequers_serial_rivers_micro_c, chequers_serial_rivers_micro_d,
          basic_altar
D:3:      cheibrodos_helix_gallery, layout_rooms, mainiacjoe_overflow_catwalk,
          mainiacjoe_overflow_surrounded_room, serial_shops, shop,
          nrook_mini_backslash
D:4:      layout_rooms, amcnicky_altar_gilded, minmay_temple_entry_nine_rooms,
          glass_columns_a

Skill      XL: |  1  2  3  4 |
---------------+-------------+-----
Shields        | 3 |  3.6
Fighting       | 3 |  3.3
Dodging        | 3 |  3.3
Unarmed Combat | 3 |  3.2

Action                   |  1- 3 |  4- 6 || total
-------------------------+-------+-------++-------
Melee: Unarmed           |    10 |       ||    10
       Demon blade       |    68 |    70 ||   138
  Use: Scroll            |     5 |     4 ||     9
       Potion            |       |     5 ||     5
Armor: Robe              |    36 |    23 ||    59
Dodge: Dodged            |    66 |    59 ||   125
Block: Kite shield       |    37 |    53 ||    90
